 Dungeon Crawl Stone Soup version 0.31-a0-202-g547052bce9 (webtiles) character file.

Game seed: 11943753462954786327

424 innerfire43 the Trooper (level 6, -1/49 HPs)
             Began as a Demonspawn Monk on June 26, 2023.
             Was a Priest of Trog.
             Slain by Menkaure (16 damage)
             ... on level 5 of the Dungeon.
             The game lasted 00:05:06 (3889 turns).

innerfire43 the Trooper (Demonspawn Monk)           Turns: 3889, Time: 00:05:06

Health: -1/49      AC: 13    Str: 16    XL:     6   Next: 64%
Magic:  6/6        EV:  5    Int: 14    God:    Trog [***...]
Gold:   246        SH:  0    Dex: 15    Spells: 5/5 levels left

rFire   . . .        q - +5 mace "Haceuzxo" {freeze, Str+2 Int+3}
rCold   . . .        d - orb {light}
rNeg    . . .        s - +2 plate armour
rPois   .            (no helmet)
rElec   .            (no cloak)
rCorr   .            (no gloves)
SInv    .            (no boots)
Will    .....        (no amulet) Stlth
                     (no ring)
HPRegen 0.28/turn    (no ring)
MPRegen 0.10/turn

%: no passive effects
@: glowing
A: spiny 1, sharp scales 1
a: Renounce Religion, Berserk, Trog's Hand


You were on level 5 of the Dungeon.
You worshipped Trog.
Trog was most pleased with you.
You visited 1 branch of the dungeon, and saw 5 of its levels.
You also visited: Sewer.

You collected 246 gold pieces.

Inventory:

Hand Weapons
 a - a +0 hand axe
 q - the +5 mace "Haceuzxo" (weapon) {freeze, Str+2 Int+3}
   (You found it on level 3 of the Dungeon)

   Str:       It affects your strength (+2).
   Int:       It affects your intelligence (+3).
Armour
 b - a +0 robe
 d - an orb of light (worn)
 m - a +0 chain mail
 s - a +2 plate armour (worn)
Jewellery
 i - a ring of wizardry
Scrolls
 g - a scroll of enchant weapon
 h - 4 scrolls of fear
 n - 2 scrolls of noise
 r - 2 scrolls of torment
Potions
 c - a potion of ambrosia
 e - 2 potions of heal wounds {unknown}
 f - 3 potions of mutation
 j - 2 potions of curing {unknown}
 k - 8 potions of enlightenment
 l - a potion of resistance {unknown}
 o - 3 potions of degeneration
 p - a potion of lignification {unknown}
 u - a potion of magic {unknown}


   Skills:
 + Level 4.6 Fighting
 - Level 3.5(4.0) Axes
 * Level 2.8(3.6) Maces & Flails
 * Level 1.3 Armour
 - Level 4.3 Dodging


You had 5 spell levels left.
You didn't know any spells.
Your spell library contained the following spells:

 Spells                   Type           Power      Damage    Failure   Level
 Apportation              Tloc           0%         N/A       100%        1
 Blink                    Tloc           0%         N/A       100%        2
 Lesser Beckoning         Tloc           0%         N/A       100%        2
 Momentum Strike          Conj/Tloc      0%         3d8       100%        2
 Alistair's Intoxication  Tmut/Pois      0%         N/A       100%        5


Dungeon Overview and Level Annotations

Branches:
Dungeon (5/15)              Sewer (visited)
 Temple: D:4-7

Altars:
Hepliaklqana
Okawaru
Trog
Vehumet
Wu Jian

Shops:
D:1 (   D:4 *

Annotations:
D:5 Menkaure


Innate Abilities, Weirdness & Mutations

You are partially covered in sharp spines.
You are partially covered in razor-sharp scales. (AC +1, Slay +1)


Message History

As you read the scroll labelled ANTIZA UFIAJUC, it crumbles to dust.
You feel strangely unstable.
It was a scroll of teleportation.
As you read the scroll labelled SARGHA BEICUST, it crumbles to dust.
The air around you briefly surges with heat, but it dissipates.
It was a scroll of immolation.
Unknown command.
Unknown command.
Your surroundings suddenly seem different.
Partly explored, can't reach some places.
There is a gate leading back out of this place here.
Welcome back to the Dungeon!
There is a collapsed entrance here.
You enter the shallow water.
Moving in this stuff is going to be slow.
Found a ring mail.
No target in view!
No target in view!
A hound comes into view.
Found a silver wand.
Found a stone staircase leading down.
The hound barks!
You sock the hound! You freeze the hound.
You kill the hound!
Trog accepts your kill.
Menkaure, Prince of Dust comes into view.
Found 2 murky clear potions.
Menkaure shouts!
Menkaure calls on the powers of darkness!
Your body is wracked with pain!
A dart slug comes into view.
The dart slug launches a dart at you.
The slug dart hits you but does no damage.
Menkaure calls on the powers of darkness!
Your body is wracked with pain!
The dart slug convulses!
You are too injured to fight recklessly!
You are too injured to fight recklessly!
You are too injured to fight recklessly!
You sock Menkaure! You freeze Menkaure.
Menkaure is heavily damaged.
Menkaure is struck by your spines. Menkaure hits you!
You die...

#.# #.# # ####.# ###
.# ..##.# ##.##.# ##
#.##.###.....# ##.##
#.##.##.....#
##.!.###>##.##.....#.
##.....##†##.#........
#...M@..............#
##.....##.###.#...####
##..w###.# #.###..~~~
##.## #.# #[# #..~~~
#. #/# #.# ##.~~~ #.
#.# #.# ##### #. #.#
#.# #. #.# #.. .. #.


You could see Menkaure and a dart slug.

Vanquished Creatures
  A scorpion (D:4)
  A hound (D:5)
  Terence (D:2)
  An orc wizard (D:4)
  4 gnolls (D:4)
  9 adders
  4 river rats (Sewer)
  An ufetubus (D:4)
  A worm (Sewer)
  2 dart slugs
  4 orcs (D:4)
  2 endoplasms
  8 giant cockroaches
  10 goblins
  10 hobgoblins
  11 jackals
  4 kobolds
  9 quokkas
  13 ball pythons
  9 bats
  6 frilled lizards
  9 rats
120 creatures vanquished.

Notes
Turn   | Place    | Note
-------+----------+-------------------------------------------
     0 | D:1      | innerfire43 the Demonspawn Monk began the quest for the
                  | Orb.
     0 | D:1      | Reached XP level 1. HP: 18/18 MP: 1/1
   218 | D:1      | Gained mutation: You are partially covered in razor-sharp
                  | scales. (AC +1, Slay +1) [demonic ancestry]
   218 | D:1      | Reached XP level 2. HP: 24/24 MP: 2/2
   601 | D:1      | Gained mutation: You are partially covered in sharp spines.
                  | [demonic ancestry]
   601 | D:1      | Reached XP level 3. HP: 24/29 MP: 3/3
   816 | D:1      | Found Woqituomn's Weapon Shop.
   964 | D:2      | Noticed Terence
   978 | D:2      | Killed Terence
  1126 | D:2      | Reached XP level 4. HP: 37/37 MP: 4/4
  1263 | D:2      | Found a bloodstained altar of Trog.
  1719 | D:2      | Became a worshipper of Trog the Wrathful
  1719 | D:2      | Reached * piety under Trog
  1719 | D:2      | Reached ** piety under Trog
  1781 | D:3      | Found an iron altar of Okawaru.
  1784 | D:3      | Identified the +5 mace "Haceuzxo" {freeze, Str+2 Int+3}
  2118 | D:3      | Found an ornate altar of the Wu Jian Council.
  2420 | D:3      | Found a hazy altar of Hepliaklqana.
  2565 | D:4      | Found Lonuenu's Assorted Antiques.
  2578 | D:4      | Noticed a scorpion
  2582 | D:4      | Killed a scorpion
  2583 | D:4      | Reached skill level 1 in Maces & Flails
  2583 | D:4      | Reached XP level 5. HP: 37/42 MP: 5/5
  2774 | D:4      | Found a radiant altar of Vehumet.
  2839 | D:4      | Reached XP level 6. HP: 39/49 MP: 6/6
  3110 | D:5      | Entered Level 5 of the Dungeon
  3172 | D:5      | Found a glowing drain.
  3184 | Sewer    | Entered a sewer
  3210 | Sewer    | Reached *** piety under Trog
  3440 | Sewer    | Reached skill level 1 in Armour
  3884 | D:5      | Noticed Menkaure
  3889 | D:5      | Slain by Menkaure

Illustrated notes

Levels and vault maps discovered:
D:1:      saegor_arrival_under_anarchy, layout_basic, serial_shops,
          nicolae_shop_back_alley_shop
D:2:      layout_loops_cross, basic_altar, nicolae_figureground_sparkle,
          uniq_terence
D:3:      layout_loops_cross, okawaru_ov_weapons_minmay,
          nzn_wu_jian_council_hall, worldfamousw_hep_ancestral_shrine
D:4:      layout_cave_pools, vehumet_crystals, serial_shops, shop
D:5:      layout_loops_ring, mainiacjoe_overflow_brackets, xom_confusion_cloud,
          minmay_temple_entry_mini_moons, portal_sewer_entry_f, uniq_menkaure

Skill      XL: |  1  2  3  4  5  6 |
---------------+-------------------+-----
Axes           | 3 |  3.5
Dodging        | 3 4 |  4.3
Fighting       | 4 |  4.6
Maces & Flails | 1 2 |  2.8
Armour         | 1 |  1.3

Action                     |  1- 3 |  4- 6 || total
---------------------------+-------+-------++-------
  Melee: Hand axe          |    74 |    25 ||    99
         Mace              |       |    84 ||    84
    Use: Scroll            |       |    10 ||    10
   Stab: Distracted        |     1 |       ||     1
 Armour: Robe              |    14 |     7 ||    21
         Chain mail        |       |    15 ||    15
         Plate armour      |       |    29 ||    29
  Dodge: Dodged            |    43 |    44 ||    87

Table legend: (Time is in decaauts)
 A = Elapsed time spent in this place.
 B = Non-inter-level travel time spent in this place.
 C = Inter-level travel time spent in this place.
 D = Time resting spent in this place.
 E = Time spent auto-exploring this place.
 F = Levels seen in this place.
 G = Mean time per level.
                   A        B        C        D        E       F      G
               +--------+--------+--------+--------+--------+-----+--------+
         Total |   4101 |   3951 |    150 |      0 |   3206 |   6 |  683.5 |
       Dungeon |   3235 |   3085 |    150 |      0 |   2608 |   5 |  647.0 |
         Sewer |    865 |    865 |      0 |      0 |    598 |   1 |  865.0 |
               +--------+--------+--------+--------+--------+-----+--------+

Top non-repeatable levels by time:
     D:1: 917 daAuts
   Sewer: 865 daAuts
     D:2: 831 daAuts
     D:3: 760 daAuts
     D:4: 625 daAuts
     D:5: 101 daAuts
